TOP OF THE 1ST |
Billings Mustangs batting - Pitching for Johnson City Cardinals : LHP Hylnur Albertsson
|
Pitching: LHP Hylnur Albertsson
|
|
Batting: LHB Jeremy Robertson
|
0-0: Ball 1-0: Foul Ball, location: 2F 1-1: Fly out, F5 (Popup, 6S, EV 86.9 MPH)
|
Batting: RHB Jake Savell
|
0-0: Ball 1-0: Called Strike 1-1: Foul Ball, location: 2F 1-2: Foul Ball, location: 2F 1-2: Ball 2-2: Ball 3-2: SINGLE (Line Drive, 8RS, EV 89.4 MPH)
|
Batting: SHB David Garnica
|
0-0: Ball 1-0: Ball 2-0: Fly out, F8 (Flyball, 78D, EV 102.5 MPH)
|
Batting: RHB Sang-ton Pak
|
0-0: Ball 1-0: Called Strike 1-1: Foul Ball, location: 2F 1-2: Ground out 4-3 (Groundball, 4D, EV 81.9 MPH)
|
Top of the 1st over - 0 runs, 1 hit, 0 errors, 1 left on base; Billings 0 - Johnson City 0 |
BOTTOM OF THE 1ST |
Johnson City Cardinals batting - Pitching for Billings Mustangs : RHP Sean Jordan
|
Pitching: RHP Sean Jordan
|
|
Batting: SHB Justin Towry
|
0-0: Fly out, F4 (Popup, 4, EV 58.8 MPH)
|
Batting: SHB Gerardo Macias
|
0-0: Swinging Strike 0-1: Ball 1-1: Ground out 4-3 (Groundball, 4, EV 83.1 MPH)
|
Batting: SHB Justin Houser
|
0-0: Called Strike 0-1: Foul Ball, location: 2F 0-2: Ball 1-2: SINGLE (Line Drive, 7LS, EV 106.2 MPH)
|
Batting: RHB Kyle Burns
|
0-0: Ball Justin Houser steals 2nd base 1-0: Ball 2-0: Ball 3-0: Called Strike 3-1: Base on Balls
|
Batting: RHB Tim Williams
|
0-0: Ball 1-0: Ball 2-0: Called Strike 2-1: SINGLE (Groundball, 6D, EV 105.6 MPH) Justin Houser to third Kyle Burns to second Runner from 3rd tries for Home, throw by CF and OUT! 8-2
|
Bottom of the 1st over - 0 runs, 2 hits, 0 errors, 2 left on base; Billings 0 - Johnson City 0 |
TOP OF THE 2ND |
Billings Mustangs batting - Pitching for Johnson City Cardinals : LHP Hylnur Albertsson
|
Batting: LHB Matt Kennedy
|
0-0: Ball 1-0: Foul Ball, location: 2F 1-1: Foul Ball, location: 2F 1-2: Strikes out swinging
|
Batting: RHB Andy Bachman
|
0-0: Fly out, F7 (Flyball, 7, EV 86.2 MPH)
|
Batting: RHB Yutaka Sato
|
0-0: Called Strike 0-1: Ball 1-1: Called Strike 1-2: Strikes out swinging
|
Top of the 2nd over - 0 runs, 0 hits, 0 errors, 0 left on base; Billings 0 - Johnson City 0 |
BOTTOM OF THE 2ND |
Johnson City Cardinals batting - Pitching for Billings Mustangs : RHP Sean Jordan
|
Batting: RHB Adam Hudson
|
0-0: Ground out 5-3 (Groundball, 56S, EV 84.4 MPH)
|
Batting: RHB Geoff Musico
|
0-0: Called Strike 0-1: Ball 1-1: Called Strike 1-2: Strikes out swinging
|
Batting: RHB Edgar Klockow
|
0-0: Fly out, F7 (Flyball, 78S, EV 78.1 MPH)
|
Bottom of the 2nd over - 0 runs, 0 hits, 0 errors, 0 left on base; Billings 0 - Johnson City 0 |
TOP OF THE 3RD |
Billings Mustangs batting - Pitching for Johnson City Cardinals : LHP Hylnur Albertsson
|
Batting: SHB Gustavo Froio
|
0-0: Called Strike 0-1: Ground out 5-3 (Groundball, 15, EV 79.4 MPH)
|
Batting: RHB Mario Gomez
|
0-0: Ball 1-0: Ball 2-0: Ball 3-0: Called Strike 3-1: Called Strike 3-2: Foul Ball, location: 2F 3-2: Foul Ball, location: 2F 3-2: Fly out, F8 (Flyball, 8RD, EV 88.8 MPH)
|
Batting: LHB Jeremy Robertson
|
0-0: Called Strike 0-1: Ball 1-1: Foul Ball, location: 2F 1-2: Strikes out swinging
|
Top of the 3rd over - 0 runs, 0 hits, 0 errors, 0 left on base; Billings 0 - Johnson City 0 |
BOTTOM OF THE 3RD |
Johnson City Cardinals batting - Pitching for Billings Mustangs : RHP Sean Jordan
|
Batting: LHB Steve Holmes
|
0-0: Called Strike 0-1: Ball 1-1: Swinging Strike 1-2: Strikes out swinging
|
Batting: SHB Justin Towry
|
0-0: Called Strike 0-1: Ball 1-1: Swinging Strike 1-2: Ball 2-2: Ball 3-2: Foul Ball, location: 2F 3-2: Strikes out swinging
|
Batting: SHB Gerardo Macias
|
0-0: Swinging Strike 0-1: Foul Ball, location: 2F 0-2: Strikes out swinging
|
Bottom of the 3rd over - 0 runs, 0 hits, 0 errors, 0 left on base; Billings 0 - Johnson City 0 |
TOP OF THE 4TH |
Billings Mustangs batting - Pitching for Johnson City Cardinals : LHP Hylnur Albertsson
|
Batting: RHB Jake Savell
|
0-0: Ball 1-0: Called Strike 1-1: Foul Ball, location: 2F 1-2: Foul Ball, location: 2F 1-2: Ball 2-2: Ball 3-2: Base on Balls
|
Batting: SHB David Garnica
|
0-0: Ball 1-0: Foul Ball, location: 2F 1-1: Foul Ball, location: 2F 1-2: Ball 2-2: Foul Ball, location: 2F 2-2: Ground out 4-3 (Groundball, 34, EV 76.2 MPH) Jake Savell to second
|
Batting: RHB Sang-ton Pak
|
0-0: Fly out, F8 (Flyball, 78D, EV 85.0 MPH)
|
Batting: LHB Matt Kennedy
|
0-0: Foul Ball, location: 2F 0-1: Foul Ball, location: 2F 0-2: Ball 1-2: Ground out 6-3 (Groundball, 4M, EV 77.5 MPH)
|
Top of the 4th over - 0 runs, 0 hits, 0 errors, 1 left on base; Billings 0 - Johnson City 0 |
BOTTOM OF THE 4TH |
Johnson City Cardinals batting - Pitching for Billings Mustangs : RHP Sean Jordan
|
Batting: SHB Justin Houser
|
0-0: Ball 1-0: Fly out, F6 (Popup, 4D, EV 48.8 MPH)
|
Batting: RHB Kyle Burns
|
0-0: Called Strike 0-1: Ball 1-1: Ball 2-1: Ball 3-1: Base on Balls
|
Batting: RHB Tim Williams
|
0-0: Grounds into double play, 6-4-3 (Groundball, 6, EV 84.4 MPH)
|
Bottom of the 4th over - 0 runs, 0 hits, 0 errors, 0 left on base; Billings 0 - Johnson City 0 |
TOP OF THE 5TH |
Billings Mustangs batting - Pitching for Johnson City Cardinals : LHP Hylnur Albertsson
|
Batting: RHB Andy Bachman
|
0-0: SOLO HOME RUN (Line Drive, 7D, EV 100.0 MPH), Distance : 404 ft
|
Batting: RHB Yutaka Sato
|
0-0: Foul Ball, location: 2F 0-1: Ball 1-1: Ball 2-1: Ball 3-1: Called Strike 3-2: Foul Ball, location: 2F 3-2: SINGLE (Groundball, 34D, EV 103.1 MPH)
|
Batting: SHB Gustavo Froio
|
0-0: Ball 1-0: Ball 2-0: SINGLE (Groundball, 5S, EV 71.9 MPH) (infield hit) Yutaka Sato to second
|
Batting: RHB Mario Gomez
|
0-0: Called Strike 0-1: Swinging Strike 0-2: Ball 1-2: Ball 2-2: Strikes out swinging
|
Batting: LHB Jeremy Robertson
|
0-0: Ball 1-0: Ball 2-0: Ball 3-0: Base on Balls Yutaka Sato to third Gustavo Froio to second
|
Pitching: RHP Kiyoyuki Abe
|
|
Batting: RHB Jake Savell
|
0-0: Grounds into fielders choice 5-2 (Groundball, 56, EV 89.4 MPH) Gustavo Froio to third Jeremy Robertson to second
|
Batting: SHB David Garnica
|
0-0: Called Strike 0-1: Ball Passed Ball! Gustavo Froio scores Jeremy Robertson to third Jake Savell to second 1-1: Ball 2-1: Ball 3-1: Called Strike 3-2: Strikes out swinging
|
Top of the 5th over - 2 runs, 3 hits, 0 errors, 2 left on base; Billings 2 - Johnson City 0 |
BOTTOM OF THE 5TH |
Johnson City Cardinals batting - Pitching for Billings Mustangs : RHP Sean Jordan
|
Batting: RHB Adam Hudson
|
0-0: Ball 1-0: Foul Ball, location: 2F 1-1: Ball 2-1: Ball 3-1: Swinging Strike 3-2: Strikes out looking
|
Batting: RHB Geoff Musico
|
0-0: Ball 1-0: Called Strike 1-1: Ball 2-1: Foul Ball, location: 2F 2-2: Foul Ball, location: 2F 2-2: Ball 3-2: Base on Balls
|
Batting: RHB Edgar Klockow
|
0-0: Ball 1-0: Called Strike 1-1: Fly out, F8 (Flyball, 78D, EV 96.2 MPH)
|
Batting: LHB Steve Holmes
|
0-0: Ball 1-0: Ball 2-0: Ball 3-0: Called Strike 3-1: Called Strike 3-2: Strikes out swinging
|
Bottom of the 5th over - 0 runs, 0 hits, 0 errors, 1 left on base; Billings 2 - Johnson City 0 |
TOP OF THE 6TH |
Billings Mustangs batting - Pitching for Johnson City Cardinals : RHP Kiyoyuki Abe
|
Pitching: RHP Daniel Boulter
|
|
Batting: RHB Sang-ton Pak
|
0-0: Called Strike 0-1: Ball 1-1: Foul Ball, location: 2F 1-2: Strikes out swinging
|
Batting: LHB Matt Kennedy
|
0-0: Ball 1-0: Foul Ball, location: 2F 1-1: Ball 2-1: Ball 3-1: Base on Balls
|
Batting: RHB Andy Bachman
|
0-0: Called Strike Matt Kennedy steals 2nd base 0-1: Ball 1-1: Called Strike 1-2: Ball 2-2: Ball 3-2: Base on Balls
|
Batting: RHB Yutaka Sato
|
0-0: Called Strike 0-1: Ball 1-1: 3-RUN HOME RUN (Flyball, 7D, EV 100.6 MPH), Distance : 377 ft
|
Pitching: LHP Heriberto Flores
|
|
Batting: SHB Gustavo Froio
|
0-0: Ball 1-0: Called Strike 1-1: Called Strike 1-2: Strikes out swinging
|
Batting: RHB Mario Gomez
|
0-0: Ball 1-0: Ball 2-0: Called Strike 2-1: Ball 3-1: Base on Balls
|
Batting: LHB Jeremy Robertson
|
0-0: Ball Mario Gomez steals 2nd base 1-0: Foul Ball, location: 2F 1-1: Ball 2-1: Called Strike 2-2: Ball 3-2: Foul Ball, location: 2F 3-2: Foul Ball, location: 2F 3-2: Foul Ball, location: 2F 3-2: Base on Balls
|
Pitching: RHP Mark Rivera
|
|
Batting: RHB Jake Savell
|
0-0: Ball 1-0: Called Strike 1-1: Foul Ball, location: 2F 1-2: Ball Wild Pitch! Mario Gomez to third Jeremy Robertson to second 2-2: Foul Ball, location: 2F 2-2: Strikes out swinging
|
Top of the 6th over - 3 runs, 1 hit, 0 errors, 2 left on base; Billings 5 - Johnson City 0 |
BOTTOM OF THE 6TH |
Johnson City Cardinals batting - Pitching for Billings Mustangs : RHP Sean Jordan
|
Batting: SHB Justin Towry
|
0-0: Called Strike 0-1: Swinging Strike 0-2: Foul Ball, location: 2F 0-2: Ground out U3 (Groundball, 3S, EV 88.1 MPH)
|
Batting: SHB Gerardo Macias
|
0-0: Foul Ball, location: 2F 0-1: Ball 1-1: Swinging Strike 1-2: Ball 2-2: SINGLE (Groundball, 56S, EV 65.0 MPH) (infield hit)
|
Pitching: RHP Markus Bevan
|
|
Batting: SHB Justin Houser
|
0-0: Foul Ball, location: 2F 0-1: Called Strike 0-2: Fly out, F7 (Flyball, 7, EV 86.2 MPH)
|
Batting: RHB Kyle Burns
|
0-0: Ball Gerardo Macias steals 2nd base 1-0: Foul Ball, location: 2F 1-1: Foul Ball, location: 2F 1-2: Ball 2-2: Strikes out swinging
|
Bottom of the 6th over - 0 runs, 1 hit, 0 errors, 1 left on base; Billings 5 - Johnson City 0 |
TOP OF THE 7TH |
Billings Mustangs batting - Pitching for Johnson City Cardinals : RHP Mark Rivera
|
Batting: SHB David Garnica
|
0-0: Ball 1-0: Ball 2-0: Called Strike 2-1: Ground out 6-3 (Groundball, 56, EV 95.6 MPH)
|
Batting: RHB Sang-ton Pak
|
0-0: Called Strike 0-1: Ball 1-1: Swinging Strike 1-2: Strikes out swinging
|
Batting: LHB Matt Kennedy
|
0-0: Ball 1-0: Foul Ball, location: 2F 1-1: Called Strike 1-2: SOLO HOME RUN (Flyball, 7LD, EV 93.8 MPH), Distance : 350 ft
|
Pitching: RHP Francisco Galindo
|
|
Batting: RHB Andy Bachman
|
0-0: Called Strike 0-1: Foul Ball, location: 2F 0-2: Ground out U3 (Groundball, 34, EV 85.6 MPH)
|
Top of the 7th over - 1 run, 1 hit, 0 errors, 0 left on base; Billings 6 - Johnson City 0 |
BOTTOM OF THE 7TH |
Johnson City Cardinals batting - Pitching for Billings Mustangs : RHP Markus Bevan
|
Batting: RHB Tim Williams
|
0-0: Ball 1-0: Called Strike 1-1: Ball 2-1: Foul Ball, location: 2F 2-2: Ball 3-2: Foul Ball, location: 2F 3-2: Base on Balls
|
Batting: RHB Adam Hudson
|
0-0: Fly out, F8 (Flyball, 89M, EV 84.4 MPH)
|
Batting: RHB Geoff Musico
|
0-0: Foul Ball, location: 2F 0-1: Foul Ball, location: 2F 0-2: Strikes out swinging
|
Pitching: RHP Joe Green
|
|
Batting: RHB Edgar Klockow
|
0-0: TRIPLE (Flyball, 89XD, EV 92.5 MPH) Tim Williams scores
|
Batting: LHB Steve Holmes
|
0-0: Called Strike 0-1: Ball 1-1: Swinging Strike 1-2: Strikes out looking
|
Bottom of the 7th over - 1 run, 1 hit, 0 errors, 1 left on base; Billings 6 - Johnson City 1 |
TOP OF THE 8TH |
Billings Mustangs batting - Pitching for Johnson City Cardinals : RHP Francisco Galindo
|
Batting: RHB Yutaka Sato
|
0-0: Ball 1-0: Ball 2-0: Foul Ball, location: 2F 2-1: Fly out, F9 (Flyball, 9, EV 83.8 MPH)
|
Batting: SHB Gustavo Froio
|
0-0: Ball 1-0: SINGLE (Line Drive, 89M, EV 95.0 MPH)
|
Batting: RHB Mario Gomez
|
0-0: 2-RUN HOME RUN (Flyball, 7LD, EV 90.6 MPH), Distance : 344 ft
|
Batting: LHB Jeremy Robertson
|
0-0: Swinging Strike 0-1: Called Strike 0-2: Strikes out looking
|
Batting: RHB Jake Savell
|
0-0: Foul Ball, location: 2F 0-1: Called Strike 0-2: Ball 1-2: Ground out 3-1 (Groundball, 34, EV 107.5 MPH)
|
Top of the 8th over - 2 runs, 2 hits, 0 errors, 0 left on base; Billings 8 - Johnson City 1 |
BOTTOM OF THE 8TH |
Johnson City Cardinals batting - Pitching for Billings Mustangs : RHP Joe Green
|
Batting: SHB Justin Towry
|
0-0: Ball 1-0: SINGLE (Line Drive, 89M, EV 105.0 MPH)
|
Batting: SHB Gerardo Macias
|
0-0: DOUBLE (Line Drive, 78M, EV 88.1 MPH) Justin Towry to third Runner from 3rd tries for Home, SAFE, throw by LF to home
|
Batting: SHB Justin Houser
|
0-0: Ball 1-0: SINGLE (Line Drive, 4MD, EV 103.1 MPH) Gerardo Macias to third Runner from 3rd tries for Home, throw by CF and OUT! 8-2
|
Batting: RHB Kyle Burns
|
0-0: Foul Ball, location: 2F 0-1: Ball 1-1: Foul Ball, location: 2F 1-2: Strikes out swinging
|
Batting: RHB Tim Williams
|
0-0: Swinging Strike 0-1: Foul Ball, location: 2F 0-2: Ball 1-2: SINGLE (Line Drive, 6M, EV 105.0 MPH) Justin Houser to second Runner from 2nd tries for 3rd, SAFE, no throw by CF
|
Batting: RHB Adam Hudson
|
0-0: Ball 1-0: Called Strike 1-1: Ball 2-1: Ball 3-1: Base on Balls Tim Williams to second
|
Batting: RHB Geoff Musico
|
0-0: Called Strike 0-1: Ball 1-1: Ground out 4-3 (Groundball, 4, EV 77.5 MPH)
|
Bottom of the 8th over - 1 run, 4 hits, 0 errors, 3 left on base; Billings 8 - Johnson City 2 |
TOP OF THE 9TH |
Billings Mustangs batting - Pitching for Johnson City Cardinals : RHP Francisco Galindo
|
Batting: SHB David Garnica
|
0-0: Ball 1-0: Swinging Strike 1-1: SINGLE (Groundball, 6S, EV 66.9 MPH) (infield hit)
|
Batting: RHB Sang-ton Pak
|
0-0: Ball 1-0: Ball Wild Pitch! David Garnica to second 2-0: Fly out, F8 (Line Drive, 78M, EV 97.5 MPH)
|
Batting: LHB Matt Kennedy
|
0-0: Called Strike 0-1: Ball 1-1: Ball 2-1: Ball 3-1: Base on Balls
|
Batting: RHB Andy Bachman
|
0-0: Hit by Pitch David Garnica to third Matt Kennedy to second
|
Batting: RHB Yutaka Sato
|
0-0: Ball 1-0: Called Strike 1-1: Ball 2-1: Ball 3-1: Foul Ball, location: 2F 3-2: Base on Balls David Garnica scores Matt Kennedy to third Andy Bachman to second
|
Batting: SHB Gustavo Froio
|
0-0: Called Strike 0-1: Ball 1-1: Ball 2-1: Ball 3-1: Base on Balls Matt Kennedy scores Andy Bachman to third Yutaka Sato to second
|
Batting: RHB Mario Gomez
|
0-0: Ball 1-0: Ball 2-0: Foul Ball, location: 2F 2-1: Ball 3-1: Foul Ball, location: 2F 3-2: Base on Balls Andy Bachman scores Yutaka Sato to third Gustavo Froio to second
|
Batting: LHB Jeremy Robertson
|
0-0: Ball 1-0: Ball 2-0: Foul Ball, location: 2F 2-1: Ball 3-1: Base on Balls Yutaka Sato scores Gustavo Froio to third Mario Gomez to second
|
Pitching: LHP Craig Soole
|
|
Batting: RHB Jake Savell
|
0-0: DOUBLE (Line Drive, 5D, EV 94.4 MPH) Gustavo Froio scores Mario Gomez scores Jeremy Robertson to third Runner from 3rd tries for Home, throw by LF and OUT! 7-6-2
|
Batting: SHB David Garnica
|
0-0: Swinging Strike 0-1: Ball 1-1: SINGLE (Flyball, 89S, EV 96.9 MPH) Jake Savell to third Runner from 3rd tries for Home, SAFE, throw by RF to home
|
Pinch Hitting: RHB Chris Christaldi
|
0-0: Ball 1-0: Ball 2-0: Ball 3-0: Called Strike 3-1: Base on Balls David Garnica to second
|
Batting: LHB Matt Kennedy
|
0-0: Swinging Strike 0-1: Ball 1-1: Ground out U3 (Groundball, 34, EV 84.4 MPH)
|
Top of the 9th over - 7 runs, 3 hits, 0 errors, 2 left on base; Billings 15 - Johnson City 2 |
BOTTOM OF THE 9TH |
Johnson City Cardinals batting - Pitching for Billings Mustangs : RHP Joe Green
|
Pitching: LHP Jason St. Clair
|
|
Now at C: Chris Christaldi
|
|
Batting: RHB Edgar Klockow
|
0-0: Ball 1-0: DOUBLE (Flyball, 89XD, EV 102.5 MPH)
|
Batting: LHB Steve Holmes
|
0-0: Ball 1-0: Called Strike 1-1: Ball 2-1: Foul Ball, location: 2F 2-2: Ball 3-2: Strikes out swinging passed ball, reaches first! Edgar Klockow to third
|
Batting: SHB Justin Towry
|
0-0: Ball 1-0: Fielders Choice at 2nd, 6-4 (Groundball, 6, EV 84.4 MPH) Edgar Klockow scores
|
Batting: SHB Gerardo Macias
|
0-0: Called Strike 0-1: Swinging Strike 0-2: Ball 1-2: Strikes out swinging
|
Batting: SHB Justin Houser
|
0-0: Ball 1-0: Ball 2-0: Swinging Strike 2-1: Swinging Strike 2-2: Foul Ball, location: 2F 2-2: SINGLE (Line Drive, 7LS, EV 93.8 MPH) Justin Towry to second
|
Batting: RHB Kyle Burns
|
0-0: Foul Ball, location: 2F 0-1: Ball 1-1: Ball 2-1: Ground out 4-3 (Groundball, 4, EV 80.0 MPH)
|
Bottom of the 9th over - 1 run, 2 hits, 0 errors, 2 left on base; Billings 15 - Johnson City 3 |
|